 Dungeon Crawl Stone Soup version 0.31.0-12-g77e489cdc1 (webtiles) character file.

Game seed: 14091670889402744676

101 Gadfly the Ruffian (level 4, 0/33 HPs)
             Began as a Demonspawn Shapeshifter on Mar 3, 2024.
             Slain by a gnoll
             ... wielding a +0 club
              (6 damage)
             ... on level 3 of the Dungeon.
             The game lasted 00:03:25 (1773 turns).

Gadfly the Ruffian (Demonspawn Shapeshifter)        Turns: 1773, Time: 00:03:26

Health: 0/33       AC:  3    Str: 16    XL:     4   Next: 48%
Magic:  4/4        EV: 12    Int: 14    God:
Gold:   146        SH:  0    Dex:  9    Spells: 3/3 levels left

rFire   . . .        b - +2 spear (venom)
rCold   . . .        (no shield)
rNeg    . . .        a - +1 animal skin
rPois   .            (helmet currently unavailable)
rElec   .            (cloak currently unavailable)
rCorr   .            (gloves currently unavailable)
SInv    .            (boots currently unavailable)
Will    +....        g - amulet of regeneration
Stlth   +            i - ring of willpower
HPRegen 1.05/turn    (no ring)
MPRegen 0.09/turn

%: no passive effects
@: beast-form, studying Staves
A: beast (slay +1), demonic guardian 2, clever 1, clumsy 1, evolution 1
a: Begin Untransformation


You were on level 3 of the Dungeon.
You were a hulking beast.
You visited 1 branch of the dungeon, and saw 3 of its levels.

You collected 146 gold pieces.

Inventory:

Hand Weapons
 b - a +2 spear of venom (weapon)
Armour
 a - a +1 animal skin (worn)
Jewellery
 g - an amulet of regeneration (around neck)
 i - a ring of willpower (left hand)
Talismans
 c - a beast talisman
 d - a flux talisman
Potions
 e - a potion of mutation
 f - 2 potions of resistance
 h - a potion of degeneration {unknown}
 j - 2 potions of lignification
 k - a potion of attraction {unknown}
 l - a potion of brilliance {unknown}
 m - a potion of curing {unknown}


   Skills:
 + Level 1.9 Fighting
 + Level 2.3 Dodging
 * Level 3.4 Unarmed Combat
 * Level 2.0 Evocations
 + Level 2.9 Shapeshifting


You had 3 spell levels left.
You didn't know any spells.
Your spell library was empty.

Dungeon Overview and Level Annotations

Branches:
Dungeon (3/15)

Altars:


Innate Abilities, Weirdness & Mutations

You are a hulking beast.
Your limbs bulge with bestial killing power. (Slay +1)
A demonic guardian rushes to your aid.
Your mind is acute. (Int +4, Str/Dex -1)
You are clumsy. (Dex -2)
You have hidden genetic potential.


Message History

There is a stone staircase leading up here.
The bat closely misses you. The rat bites you.
You climb upwards.
There is a stone staircase leading down here.
You hit the rat.
You kill the rat!
You see here a rat corpse.
You start resting.
HP restored.
There is a stone staircase leading down here.
You climb downwards.
The bat barely misses you. The gnoll hits you with a +0 club.
The gnoll misses you.
The gnoll hits you with a +0 heavy flail!
A kobold comes into view. It is wielding a +0 club.
The gnoll barely misses you. The gnoll hits you with a +0 flail!
* * * LOW HITPOINT WARNING * * *
A demonic guardian appears!
There is a stone staircase leading up, spattered with blood here.
The kobold closely misses your ice devil.
The gnoll closely misses you.
Your ice devil hits the gnoll but does no damage.
The gnoll hits your ice devil but does no damage.
The bat hits your ice devil but does no damage. x2
Your ice devil hits the bat!
The bat dies!
You closely miss the gnoll. You hit the gnoll.
The gnoll is poisoned.
The gnoll is moderately wounded.
The gnoll completely misses you.
Something hits your ice devil but does no damage.
Your ice devil hits the gnoll!
The gnoll dies!
Your Evocations skill increases to level 2!
A ball python comes into view.
The gnoll hits you from afar with a +0 halberd!
* * * LOW HITPOINT WARNING * * *
Something hits your ice devil but does no damage.
The gnoll attacks as it pursues you! The gnoll completely misses you.
The gnoll hits you with a +0 club.
You die...

# #..##..#.............#
#.#... #................
##.#.#.###......###..###.
#.[...S..†....#.###..# .
#.......4g.......##.##
#....K..<#.#..#...#.#
#......g.#.#....#...#
#.#.##.##.#.#..##.... #
#4hg.#.#..#......
##g.##.#..>.##.#.
#..##.#..#.# )#
##.##....#.. ##.# (.
##..# #.#. ##...# .....
##.#..#.##....#
........<....#


You could see 3 gnolls, a ball python, a kobold and a friendly ice devil
(summoned).

Vanquished Creatures
  An iguana (D:2)
  2 adders
  A ribbon worm (D:2)
  2 dart slugs (D:2)
  3 bats
  3 endoplasms
  2 giant cockroaches
  4 goblins
  3 hobgoblins
  A quokka (D:1)
  3 ball pythons (D:1)
  A frilled lizard (D:2)
  3 kobolds (D:1)
  12 rats
41 creatures vanquished.

Vanquished Creatures (collateral kills)
  A gnoll (D:3)
  A goblin (D:1)
  A bat (D:3)
3 creatures vanquished.

Grand Total: 44 creatures vanquished

Notes
Turn   | Place    | Note
-------+----------+-------------------------------------------
     0 | D:1      | Gadfly the Demonspawn Shapeshifter began the quest for the
                  | Orb.
     0 | D:1      | Reached XP level 1. HP: 15/15 MP: 1/1
   228 | D:1      | Gained mutation: A weak demonic guardian rushes to your
                  | aid. [demonic ancestry]
   228 | D:1      | Reached XP level 2. HP: 20/21 MP: 2/2
   338 | D:1      | Reached skill level 3 in Unarmed Combat
   509 | D:1      | Reached skill level 1 in Evocations
   771 | D:1      | Gained mutation: You are clumsy. (Dex -2) [potion of
                  | mutation]
   771 | D:1      | Gained mutation: You have hidden genetic potential. [potion
                  | of mutation]
   891 | D:2      | Gained mutation: A demonic guardian rushes to your aid.
                  | [demonic ancestry]
   891 | D:2      | Reached XP level 3. HP: 26/26 MP: 3/3
   908 | D:2      | Gained mutation: Your mind is acute. (Int +4, Str/Dex -1)
                  | [hidden potential]
  1033 | D:2      | Reached XP level 4. HP: 33/33 MP: 4/4
  1773 | D:3      | Slain by a gnoll

Illustrated notes

Levels and vault maps discovered:
D:1:      amcnicky_arrival_feature_with_door, layout_rooms,
          minmay_shallow_snake_nest
D:2:      layout_basic, minmay_rat_gold_closets
D:3:      kennysheep_goblin_castle, layout_rooms, tso_metal_star, serial_bayou,
          serial_bayou_shore_b, serial_bayou_lake_a, serial_bayou_shore_b,
          serial_bayou_lagoon_b, serial_shops, shop

Skill      XL: |  1  2  3  4 |
---------------+-------------+-----
Dodging        | 2 |  2.3
Unarmed Combat | 3 |  3.4
Evocations     | 1 2 |  2.0
Fighting       | |  1.9
Shapeshifting  | |  2.9

Action                     |  1- 3 |  4- 6 || total
---------------------------+-------+-------++-------
  Melee: Unarmed           |    50 |       ||    50
         Spear             |    41 |    50 ||    91
    Use: Potion            |     1 |     1 ||     2
         Scroll            |       |     3 ||     3
   Stab: Sleeping          |     2 |     1 ||     3
 Armour: Animal skin       |    37 |    41 ||    78
  Dodge: Dodged            |    36 |    37 ||    73
